AoeStats
← TrexerT

Acropolis

503097691Analyzed
1v1 RM · 1mo ago on Aug 30, 2026· 30m 28s· 2 players
Game mode
Random Map
Map size
Tiny (2 player)
Population
200
Speed
Normal
Resources
Standard
Victory
Conquest
Starting age
Dark Age
Ending age
Imperial Age
RankedLock teamsTeams togetherTeam positionsShared explorationLock speedFull tech treeHidden civsTurbo modeCheats
Victory
Defeat
🇨🇳 Inca · China
1000
+16
🇷🇴 Celts · Romania
1005
-16
AMD
8:24 Loom
11:09 Feudal Age
11:50 Champi Runner
12:25 Double-Bit Axe
20:45 Castle Age
18:38 Horse Collar
19:34 Scale Mail Armor
20:28 Forging
21:01 Gold Mining
22:24 Iron Casting
22:05 Champi Warrior
22:47 Squires
25:42 Bow Saw
25:36 Heavy Plow
26:34 Wheelbarrow
26:23 Chain Mail Armor
26:41 Arson
TrexerT
11:41 Feudal Age
11:33 Loom
12:48 Double-Bit Axe
13:45 Loom
25:32 Castle Age
23:01 Man-at-Arms
25:05 Fletching
28:17 Long Swordsman
Connection lost

Rejoining the realm…

Still unreachable

The connection could not be restored.

Session expired

The server has moved on; the page needs a fresh start.